Map: [ESL] Moondance

Players

Serral - Winner!

  • Race: Zerg Zerg
  • Spawn Location: 6:00

Astrea

  • Race: Protoss Protoss
  • League: Master
  • Spawn Location: 12:00

Event: HomeStory Cup XXI

VOD

Have the link to the VOD?

Description

Time

  • Played on: July 24, 2022, 4:27 p.m.
  • Length: 22:05

All games in this series

Show
View Real Time Build Order
Export as new Build Order

Serral Zerg - Winner!

Build Orders: Hatch First, Lurkers 

Get SALT Encoding   

  12  0:00  Drone  
  13  0:11  Overlord  
  13  0:17  Drone  
  14  0:30  Drone x2  
  17  0:42  Drone  
  17  0:51  Hatchery  
  17  0:54  Drone  
  17  0:58  Drone  
  18  1:07  Extractor  
  17  1:13  Spawning Pool  
  17  1:16  Drone  
  17  1:19  Drone  
  18  1:27  Drone  
  19  1:38  Drone  
  20  1:49  Overlord  
  20  2:00  Queen  
  22  2:02  Queen, Zergling x2  
  22  2:03  Zergling x2  
  26  2:10  Zergling x2  
  26  2:11  Metabolic Boost  
  26  2:14  Zergling x2  
  28  2:26  Zergling x4  
  30  2:37  Queen  
  30  2:40  Zergling x4  
  33  2:48  Zergling x4  
  34  3:00  Zergling x4  
  34  3:04  Zergling x2  
  34  3:08  Zergling x4  
  36  3:16  Zergling x4  
  36  3:18  Queen  
  35  3:26  Drone x2  
  35  3:32  Drone  
  36  3:38  Overlord x2  
  36  3:52  Drone  
  36  3:53  Drone  
  36  3:58  Drone  
  36  3:59  Drone  
  36  4:03  Hatchery  
  36  4:04  Drone x2  
  37  4:11  Drone x3  
  37  4:15  Drone  
  41  4:24  Overlord  
  41  4:25  Drone  
  42  4:32  Drone x2  
  42  4:34  Overlord  
  44  4:40  Roach Warren  
  44  4:42  Queen  
  44  4:43  Drone  
  46  4:45  Drone x2  
  46  4:49  Drone  
  46  4:50  Drone  
  46  4:52  Drone  
  51  4:56  Drone  
  52  5:00  Drone  
  52  5:03  Extractor  
  52  5:04  Drone  
  52  5:06  Drone x5  
  58  5:11  Lair  
  58  5:13  Extractor  
  58  5:14  Drone  
  58  5:17  Overlord  
  58  5:19  Drone  
  58  5:21  Drone x2  
  61  5:28  Roach  
  63  5:31  Roach  
  63  5:32  Overlord  
  63  5:33  Overlord  
  64  5:36  Overlord  
  64  5:39  Overlord  
  64  5:42  Extractor  
  63  5:43  Evolution Chamber  
  63  5:44  Drone x2  
  63  5:49  Drone x3  
  67  5:52  Drone  
  68  5:57  Drone x2  
  68  6:01  Drone  
  71  6:04  Overlord  
  71  6:08  Overseer  
  71  6:11  Overseer  
  71  6:13  Extractor  
  71  6:14  Glial Reconstitution, Zerg Missile Weapons Level 1  
  71  6:15  Extractor  
  71  6:16  Roach x3  
  75  6:24  Roach  
  77  6:30  Drone x4  
  77  6:31  Drone x4  
  85  6:34  Hatchery  
  84  6:40  Drone x5  
  84  6:42  Overlord  
  84  6:43  Roach x2  
  93  6:49  Infestation Pit  
  93  6:51  Roach x2  
  96  6:54  Overlord  
  96  6:56  Roach  
  96  6:57  Roach  
  96  7:00  Overlord  
  100  7:01  Overlord  
  100  7:04  Roach  
  100  7:06  Ravager x3  
  105  7:10  Roach x3  
  111  7:16  Roach x3  
  111  7:19  Ravager x2  
  111  7:20  Ravager  
  120  7:23  Zergling x10  
  120  7:26  Overlord  
  120  7:28  Ravager x2  
  127  7:32  Zergling x2  
  127  7:35  Overlord  
  128  7:39  Zergling x10  
  128  7:40  Zergling x4  
  135  7:45  Overlord x2  
  135  7:51  Overlord, Hatchery  
  134  7:59  Drone  
  134  8:03  Hive  
  134  8:05  Hydralisk Den  
  134  8:06  Zergling x14  
  134  8:11  Zerg Missile Weapons Level 2  
  140  8:14  Drone x5  
  140  8:19  Drone, Overlord  
  146  8:21  Drone  
  146  8:22  Pneumatized Carapace  
  147  8:27  Drone x3  
  147  8:34  Drone, Zergling x2  
  150  8:35  Zergling x8  
  150  8:37  Lurker Den  
  150  8:40  Extractor  
  155  8:41  Roach x2, Extractor  
  155  8:44  Overlord  
  155  8:46  Overlord  
  154  8:49  Zergling x2  
  154  8:50  Zergling x2  
  154  8:54  Muscular Augments  
  152  9:12  Hydralisk x4  
  152  9:13  Hydralisk x2  
  152  9:16  Viper x2  
  167  9:21  Zergling x6  
  167  9:22  Roach x4  
  167  9:23  Hatchery  
  180  9:25  Evolution Chamber  
  180  9:29  Drone x4  
  183  9:34  Drone  
  185  9:38  Lurker x4  
  185  9:39  Lurker x2  
  185  9:40  Seismic Spines  
  185  9:41  Drone x3  
  185  9:44  Spore Crawler  
  188  9:56  Overlord x3  
  188  10:00  Adrenal Glands, Zerg Melee Weapons Level 1  
  188  10:05  Grooved Spines  
  188  10:06  Viper  
  191  10:10  Overlord  
  191  10:14  Baneling Nest  
  191  10:15  Drone x5  
  191  10:19  Hydralisk x2  
  199  10:29  Zerg Ground Armor Level 1  
  199  10:36  Spine Crawler  
  199  10:37  Spine Crawler, Extractor  
  199  10:38  Spine Crawler  
  199  10:39  Spine Crawler, Drone  
  199  10:40  Drone x3  
  198  10:43  Hydralisk  
  198  10:48  Spore Crawler  
  198  10:49  Spine Crawler  
  196  10:58  Hatchery  
  196  11:00  Hydralisk x3  
  195  11:28  Adaptive Talons  
  195  11:31  Zergling x18  
  186  11:44  Centrifugal Hooks  
  186  11:46  Drone x2  
  186  11:47  Drone, Zergling x26  
  182  11:52  Spire, Drone x3  
  198  11:54  Drone x2  
  198  11:55  Overlord  
  198  11:56  Zerg Melee Weapons Level 2  
  195  12:12  Zergling x12  
  200  12:22  Baneling x10  
  197  12:28  Zergling x22  
  195  12:42  Drone x3  
  195  12:44  Spore Crawler  
  197  12:45  Zerg Ground Armor Level 2  
  197  12:46  Drone  
  197  12:50  Drone  
  193  13:03  Zergling x2  
  193  13:04  Zergling x36  
  175  13:13  Corruptor  
  175  13:14  Corruptor x5  
  175  13:18  Corruptor  
  175  13:19  Corruptor x3  
  180  13:22  Greater Spire  
  180  13:23  Spire  
  180  13:26  Lurker x2  
  181  13:32  Drone  
  181  13:33  Drone  
  183  13:37  Hydralisk x8  
  183  13:40  Baneling x17  
  199  13:46  Overlord  
  199  13:54  Baneling x7  
  188  14:10  Lurker x7  
  188  14:11  Lurker  
  188  14:14  Overseer  
  188  14:15  Drone  
  188  14:16  Drone x3  
  200  14:30  Spore Crawler  
  200  14:31  Spore Crawler x6  
  196  14:32  Spore Crawler  
  196  14:33  Spore Crawler, Zerg Melee Weapons Level 3  
  196  14:35  Spore Crawler, Pathogen Glands, Overseer x2  
  196  14:36  Burrow  
  190  14:39  Drone x3, Extractor x2  
  190  14:40  Spine Crawler x3, Drone x3  
  190  14:42  Spine Crawler  
  191  14:46  Spore Crawler  
  191  14:52  Corruptor x6  
  182  15:12  Zerg Flyer Weapons Level 1, Zerg Flyer Armor Level 1  
  182  15:16  Zergling x10  
  187  15:28  Infestor x4  
  188  15:30  Drone x6  
  188  15:32  Neural Parasite  
  188  15:34  Spore Crawler  
  188  15:35  Spore Crawler x2  
  197  15:36  Spore Crawler  
  197  15:37  Spore Crawler  
  197  15:38  Spore Crawler  
  194  15:46  Drone x3  
  194  15:47  Drone x2  
  199  15:50  Spore Crawler  
  199  15:51  Spore Crawler  
  199  15:52  Spore Crawler  
  199  15:57  Zergling x18  
  199  16:17  Zerg Ground Armor Level 3  
  189  16:45  Zergling x14  
  189  16:46  Viper  
  196  16:51  Corruptor  
  198  17:03  Spore Crawler  
  189  17:14  Zergling x30  
  190  17:16  Hydralisk x4  
  190  17:17  Zergling x2, Hydralisk x3  
  190  17:22  Hydralisk  
  184  17:25  Hydralisk x6  
  178  17:32  Hydralisk  
  178  17:35  Baneling x6  
  178  17:36  Hydralisk x4  
  167  17:43  Hydralisk  
  170  17:45  Lurker x4  
  170  17:46  Hydralisk  
  137  17:59  Hydralisk x8  
  137  18:02  Hydralisk  
  138  18:07  Baneling x7  
  138  18:09  Hydralisk x4  
  132  18:12  Hydralisk  
  132  18:18  Hydralisk x3  
  132  18:19  Hydralisk  
  135  18:24  Hydralisk  
  135  18:31  Hydralisk x4  
  121  18:50  Hydralisk x3  
  118  18:56  Hydralisk x5  
  118  19:00  Hydralisk  
  116  19:20  Viper x2  
  116  19:21  Viper  
  125  19:36  Overlord x6  
  125  19:39  Lurker  
  126  19:48  Drone x6  
  126  19:49  Drone x4  
  126  19:58  Hatchery  
  125  20:04  Hydralisk x4, Lurker  
  125  20:05  Hydralisk x2, Lurker x2  
  140  20:10  Hydralisk x2  
  144  20:16  Hydralisk x2  
  149  20:21  Lurker x3  
  149  20:22  Lurker  
  149  20:24  Overseer  
  149  20:27  Hydralisk x2  
  156  20:35  Hydralisk x3  
  162  20:48  Viper  
  155  20:50  Hydralisk x3  
  155  20:51  Hydralisk  
  161  20:58  Overlord x2  
  161  21:01  Lurker  
  161  21:02  Hydralisk x2, Lurker  
  163  21:15  Hydralisk x5  
  144  21:21  Hydralisk x2  
  135  21:31  Hydralisk x4  
Show
View Real Time Build Order
Export as new Build Order

Astrea Protoss 

Build Orders: Carriers 

Get SALT Encoding   

  12  0:00  Probe  
  13  0:12  Probe  
  14  0:17  Pylon  
  14  0:24  Probe  
  15  0:35  Gateway  
  15  0:37  Probe  
  16  0:49  Probe  
  17  0:53  Gateway  
  17  1:02  Probe  
  18  1:04  Assimilator  
  18  1:11  Pylon  
  18  1:14  Probe  
  19  1:22  Zealot (Chrono Boost)  
  21  1:29  Cybernetics Core  
  21  1:31  Probe  
  22  1:44  Probe  
  22  1:47  Zealot (Chrono Boost)  
  25  1:48  Zealot (Chrono Boost)  
  27  1:57  Pylon  
  27  2:04  Adept (Chrono Boost)  
  27  2:05  Adept (Chrono Boost)  
  31  2:17  Warp Gate  
  30  2:36  Nexus  
  30  2:47  Probe  
  31  2:59  Probe  
  31  3:03  Assimilator  
  32  3:11  Probe, Pylon, Adept  
  33  3:20  Adept  
  33  3:24  Probe  
  34  3:38  Probe  
  31  3:50  Probe x2  
  31  3:53  Shield Battery  
  33  4:02  Probe (Chrono Boost)  
  35  4:03  Nexus  
  35  4:05  Sentry  
  35  4:06  Sentry, Probe (Chrono Boost)  
  37  4:13  Probe (Chrono Boost)  
  39  4:17  Phoenix  
  39  4:18  Probe (Chrono Boost)  
  39  4:22  Probe (Chrono Boost)  
  40  4:26  Probe (Chrono Boost)  
  40  4:30  Sentry  
  44  4:31  Probe (Chrono Boost)  
  44  4:32  Probe (Chrono Boost)  
  45  4:40  Probe  
  45  4:42  Twilight Council, Forge  
  45  4:43  Probe (Chrono Boost)  
  47  4:52  Probe (Chrono Boost)  
  48  4:54  Sentry, Pylon  
  48  4:58  Assimilator  
  51  5:00  Probe (Chrono Boost)  
  51  5:01  Probe (Chrono Boost)  
  51  5:04  Phoenix  
  51  5:06  Probe x2 (Chrono Boost)  
  53  5:09  Protoss Ground Weapons Level 1  
  54  5:15  Blink  
  54  5:18  Probe (Chrono Boost)  
  54  5:19  Probe (Chrono Boost), Assimilator  
  57  5:24  Probe (Chrono Boost)  
  57  5:27  Probe (Chrono Boost)  
  57  5:28  Probe (Chrono Boost)  
  59  5:32  Probe x2 (Chrono Boost)  
  59  5:33  Probe  
  59  5:35  Pylon  
  62  5:39  Pylon  
  62  5:42  Robotics Facility  
  62  5:43  Probe  
  62  5:44  Probe  
  62  5:45  Probe  
  65  5:51  Gateway  
  65  5:54  Gateway  
  65  5:59  Phoenix  
  65  6:01  Gateway x2  
  65  6:07  Gateway  
  65  6:12  Probe x3  
  65  6:16  Stalker  
  65  6:17  Stalker  
  72  6:23  Pylon  
  72  6:24  Probe  
  72  6:25  Warp Prism (Chrono Boost)  
  73  6:31  Probe  
  73  6:32  Probe  
  77  6:38  Pylon  
  77  6:43  Stalker x2  
  81  6:50  Stalker x2  
  85  6:54  Observer (Chrono Boost)  
  85  6:58  Stalker  
  85  6:59  Stalker  
  90  7:06  Stalker  
  90  7:07  Stalker x2  
  96  7:15  Pylon  
  96  7:17  Stalker x2  
  96  7:20  Nexus  
  100  7:35  Stalker x5  
  110  7:44  Robotics Bay  
  110  7:46  Robotics Facility  
  110  7:47  Assimilator  
  110  7:51  Probe x3  
  113  7:52  Pylon, Protoss Ground Weapons Level 2 (Chrono Boost)  
  113  7:58  Stalker  
  113  8:02  Pylon  
  115  8:08  Probe x2  
  115  8:10  Charge  
  115  8:12  Probe  
  117  8:17  Stalker x4  
  125  8:20  Shield Battery  
  125  8:24  Probe x3  
  128  8:33  Probe  
  132  8:34  Disruptor (Chrono Boost)  
  132  8:37  Pylon  
  132  8:41  Disruptor (Chrono Boost)  
  132  8:42  Probe x2  
  132  8:43  Probe  
  138  8:51  Probe  
  138  8:53  Assimilator  
  138  8:54  Probe x2, Assimilator  
  141  8:55  Probe  
  141  9:01  Photon Cannon  
  142  9:02  Photon Cannon  
  142  9:06  Probe  
  142  9:07  Probe  
  142  9:13  Templar Archives  
  142  9:15  Disruptor (Chrono Boost)  
  142  9:16  Gateway  
  145  9:21  Disruptor (Chrono Boost), Photon Cannon  
  145  9:23  Shield Battery  
  148  9:29  Pylon x2  
  148  9:30  Zealot x4  
  156  9:43  Pylon  
  156  9:45  Pylon  
  156  9:50  Stargate  
  150  9:52  Protoss Air Weapons Level 1 (Chrono Boost)  
  150  9:58  Warp Prism (Chrono Boost)  
  148  10:14  Photon Cannon  
  148  10:16  Psionic Storm  
  148  10:17  Photon Cannon  
  148  10:19  Shield Battery  
  148  10:22  Photon Cannon  
  148  10:23  Protoss Ground Weapons Level 3  
  148  10:25  Photon Cannon  
  148  10:28  Pylon  
  148  10:32  Nexus, High Templar x2  
  148  10:34  Pylon  
  152  10:37  Gravitic Drive  
  152  10:38  Zealot x4  
  160  10:44  Fleet Beacon  
  160  10:45  Stargate  
  160  10:48  Stargate  
  160  10:52  Photon Cannon  
  160  10:54  Photon Cannon  
  160  11:09  Photon Cannon  
  160  11:13  Observer (Chrono Boost)  
  160  11:15  Zealot x3  
  160  11:17  Zealot x3  
  172  11:19  Photon Cannon  
  152  11:33  Carrier x2 (Chrono Boost)  
  170  11:43  Probe x4  
  170  11:45  Pylon  
  171  11:52  Photon Cannon  
  171  12:06  Carrier (Chrono Boost)  
  159  12:21  Probe x2  
  159  12:22  Probe x3, Protoss Air Weapons Level 2 (Chrono Boost)  
  164  12:26  Carrier x2 (Chrono Boost)  
  164  12:33  Probe  
  164  12:34  Probe x2  
  167  12:37  Zealot x6  
  167  12:38  Zealot  
  167  12:40  Probe x2  
  169  12:46  Photon Cannon, Probe  
  169  12:47  Photon Cannon, Zealot  
  169  12:48  Shield Battery, Zealot  
  174  12:51  Pylon  
  168  13:10  Carrier (Chrono Boost)  
  165  13:17  Immortal x2  
  165  13:18  Nexus  
  165  13:20  Nexus  
  165  13:21  Carrier x2 (Chrono Boost)  
  177  13:31  Zealot  
  177  13:32  Zealot x2  
  183  13:47  Immortal  
  182  13:52  Photon Cannon  
  190  14:03  Probe x2  
  186  14:11  Photon Cannon  
  186  14:12  Photon Cannon, Carrier  
  186  14:14  Pylon  
  188  14:19  Photon Cannon  
  188  14:22  Assimilator  
  188  14:29  Warp Prism (Chrono Boost)  
  188  14:35  High Templar x2, Assimilator  
  188  14:36  High Templar  
  188  14:38  Immortal (Chrono Boost)  
  200  14:40  Archon  
  200  14:43  Protoss Air Weapons Level 3 (Chrono Boost)  
  199  14:58  Zealot  
  199  14:59  Stalker x2  
  196  15:08  Photon Cannon x2  
  196  15:25  High Templar x2  
  196  15:26  High Templar  
  200  15:30  Archon  
  200  15:44  Pylon  
  188  16:06  Photon Cannon  
  188  16:07  Photon Cannon  
  188  16:11  Pylon  
  188  16:15  High Templar x4  
  188  16:16  High Templar x2  
  200  16:20  Archon x3  
  200  16:31  Zealot x2  
  152  16:51  Immortal x2  
  158  16:55  High Templar x3  
  158  16:56  High Templar x5  
  158  16:59  Observer  
  158  17:00  Archon x3  
  174  17:01  Archon  
  135  17:29  Stalker x3  
  135  17:30  Stalker x5  
  141  17:38  Probe  
  141  17:41  Probe  
  141  17:43  Probe  
  141  17:44  Pylon  
  144  17:45  Probe  
  144  17:47  Nexus  
  144  17:50  Probe  
  136  17:53  Probe  
  136  17:54  Stalker  
  136  17:55  Stalker x7  
  136  17:56  Probe  
  136  17:57  Probe  
  120  17:58  Observer  
  120  18:03  Zealot x8  
  120  18:13  Warp Prism (Chrono Boost)  
  120  18:16  Nexus  
  112  18:31  Zealot x8  
  112  18:32  Probe  
  110  18:35  Probe  
  103  18:53  Carrier x3 (Chrono Boost)  
  103  18:54  Probe  
  118  19:00  Probe  
  113  19:09  High Templar x5  
  107  19:10  High Templar  
  105  19:21  Zealot x2  
  109  19:24  Pylon  
  109  19:26  Archon  
  109  19:30  Probe x2  
  108  19:35  Immortal (Chrono Boost)  
  112  19:42  Assimilator  
  112  19:47  Shield Battery  
  106  20:03  Warp Prism (Chrono Boost)  
  106  20:04  Zealot  
  106  20:07  High Templar x2  
  112  20:11  Archon  
  114  20:16  Photon Cannon, High Templar  
  114  20:18  High Templar  
  114  20:19  Oracle  
  118  20:22  Archon  
  121  20:54  Immortal  
  124  21:04  Zealot x5  
Tags
 
Add a new tag
Caveats
  • Supply blocks, unpowered buildings, or Contaminate may cause inaccurate times.
  • Supply counts are checked every 10 seconds.